 Dungeon Crawl Stone Soup version 0.18-a0-1193-gb7aa92a (webtiles) character file.

1793 Proton the Shield-Bearer (level 9, -8/63 HPs)
             Began as a Formicid Fighter on Jan 29, 2016.
             Was an Initiate of Ru.
             Killed by the air
             ... invoked by Gastronok
              (16 damage)
             ... on level 8 of the Dungeon.
             The game lasted 00:11:51 (7017 turns).

Proton the Shield-Bearer (Formicid Fighter)         Turns: 7017, Time: 00:11:51

Health: -8/63      AC: 17    Str: 25    XL:     9   Next: 30%
Magic:  9/9        EV:  6    Int: 11    God:    Ru [......]
Gold:   336        SH: 16    Dex: 12    Spells: 0 memorised, 8 levels left

rFire  + . .     SeeInvis +     a - +0 long sword
rCold  + . .     Gourm    .     m - +3 plate armour of Cuse {rC+ Int+4}
rNeg   + . .     Faith    .     p - +0 large shield
rPois  .         Spirit   .     (helmet unavailable)
rElec  .         Dismiss  .     n - +0 cloak
rCorr  .         Reflect  .     (no gloves)
SustAt .         Harm     .     (no boots)
MR     .....                    (no amulet)
Stlth  ..........               j - ring of positive energy
                                (no ring)

@: not resistant to hostile enchantments, extremely unstealthy
A: permanent stasis, dig shafts and tunnels, four strong arms, antennae 3, thin
skeletal structure 1, blurry vision 1, fire resistance 1, frail 1, sense
surroundings 1
a: Dig, Shaft Self, Renounce Religion


You were on level 8 of the Dungeon.
You worshipped Ru.
Ru was noncommittal.
You were hungry.

You visited 2 branches of the dungeon, and saw 9 of its levels.

You collected 336 gold pieces.

Inventory:

Hand Weapons
 a - a +0 long sword (weapon)
Armour
 m - the +3 plate armour of Cuse (worn) {rC+ Int+4}
   (You found it on level 5 of the Dungeon)

   It affects your intelligence (+4).
   It protects you from cold.
 n - a +0 cloak (worn)
 p - a +0 large shield (worn)
Jewellery
 j - a ring of positive energy (right hand)
Wands
 o - a wand of cold (5/15)
Scrolls
 l - 4 scrolls of identify
 s - a scroll of remove curse
 t - a scroll of recharging {unknown}
 u - 2 scrolls of fog {unknown}
 v - a scroll of noise {unknown}
 A - a scroll of magic mapping
Potions
 d - 2 potions of might
 e - a potion of brilliance
 i - a potion of beneficial mutation {unknown}
 k - 5 potions of curing
 q - a potion of mutation {unknown}
 r - a potion of resistance
Comestibles
 c - 3 fruits
 f - 3 bread rations
 g - 2 beef jerkies
 h - 6 meat rations


   Skills:
 + Level 6.4 Fighting
 + Level 5.3 Long Blades
 + Level 6.6 Armour
 + Level 4.4 Dodging
 + Level 7.1 Shields


You had 8 spell levels left.
You didn't know any spells.

Dungeon Overview and Level Annotations

Branches:
Dungeon (8/15)             Temple (1/1) D:4
   Lair: D:8-11

Altars:
Cheibriados
Dithmenos
Elyvilon
Fedhas
Gozag
Kikubaaqudgha
Nemelex Xobeh
Okawaru
Pakellas
Qazlal
Ru
Sif Muna
Vehumet
Yredelemnul
Zin
The Shining One

Annotations:
D:7 Oddball22's ghost, novice OpIE
D:8 Gastronok


Innate Abilities, Weirdness & Mutations

You are under a permanent stasis effect.
You can dig through walls and to a lower floor.
Your four strong arms can wield two-handed weapons with a shield.
You have a pair of large antennae on your head (SInv).
You have a somewhat thin skeletal structure (Dex +2, Stealth).
Scrolls take you a little longer to read.
Your flesh is heat resistant.
You are frail (-10% HP).
You passively map a small area around you.


Message History

You hit Gastronok.
Gastronok is severely wounded.
You block Gastronok's attack.
You hit Gastronok.
Gastronok is severely wounded.
Your shield prevents you from hitting Gastronok.
Gastronok is severely wounded.
Gastronok sloshes about.
Gastronok looks at you while chanting.
Your stasis keeps you stable.
You hit Gastronok.
Gastronok is severely wounded.
You block Gastronok's attack.
You slash Gastronok!
Gastronok is almost dead.
You hit Gastronok.
Gastronok is almost dead.
Gastronok waves his eye-stalks in wide circles.
The air twists around and strikes you!
You die...

###########
#..........,
,
#..........
#..........
#..........
, ,
#..w.......
, , ##@#####
#......# ,
#......# ,
#......#, ,
#......# , ,
#......# , ,
#'###### , ,
,,, #...##
########
#....#
#.......


You could see Gastronok.

Vanquished Creatures
  A phantom (D:4)
  2 sky beasts (D:6)
  3 ogres
  A necrophage (D:8)
  2 centaurs
  A giant frog (D:7)
  Blork the orc (D:5)
  A water moccasin zombie (D:5)
  A wyvern skeleton (D:6)
  A crimson imp (D:5)
  A giant frog zombie (D:5)
  2 giant frog skeletons
  3 hounds
  7 orc wizards
  3 orc priests
  5 worker ants
  A hound skeleton (D:8)
  5 adders
  A shadow imp (D:6)
  An ooze (D:1)
  4 adder zombies
  An adder skeleton (D:6)
  2 worms
  4 giant geckos
  21 orcs
  A giant cockroach (D:3)
  8 goblins
  7 hobgoblins
  2 jackals (D:6)
  A quokka (D:3)
  A ball python (D:2)
  7 bats
  A giant gecko skeleton (D:4)
  6 giant newts
  6 kobolds
  A quokka skeleton (D:4)
  6 rats
122 creatures vanquished.

Notes
Turn   | Place    | Note
--------------------------------------------------------------
     0 | D:1      | Proton the Formicid Fighter began the quest for the Orb.
     0 | D:1      | Reached XP level 1. HP: 18/18 MP: 1/1
   196 | D:1      | Reached XP level 2. HP: 24/24 MP: 2/2
   372 | D:1      | Reached skill level 4 in Shields
   558 | D:1      | Reached XP level 3. HP: 29/29 MP: 3/3
   862 | D:2      | Reached skill level 1 in Dodging
  1007 | D:2      | Found a glowing silver altar of Zin.
  1394 | D:2      | Reached XP level 4. HP: 34/37 MP: 4/4
  1825 | D:3      | Found a shadowy altar of Dithmenos.
  1892 | D:3      | Found an ancient bone altar of Kikubaaqudgha.
  2514 | D:4      | Reached XP level 5. HP: 36/42 MP: 5/5
  2774 | D:4      | Found a staircase to the Ecumenical Temple.
  2829 | Temple   | Entered the Ecumenical Temple
  2941 | Temple   | Became a worshipper of Ru the Awakened
  3124 | D:4      | Reached XP level 6. HP: 36/49 MP: 6/6
  3225 | D:4      | Noticed an ogre
  3235 | D:4      | Killed an ogre
  3235 | D:4      | Reached skill level 5 in Shields
  3459 | D:5      | Entered Level 5 of the Dungeon
  3528 | D:5      | Reached XP level 7. HP: 43/55 MP: 7/7
  3595 | D:5      | Noticed Blork the orc
  3608 | D:5      | Killed Blork the orc
  3702 | D:5      | Reached skill level 5 in Fighting
  3736 | D:5      | HP: 2/56 [centaur/arrow (4)]
  4254 | D:4      | Reached skill level 5 in Armour
  4400 | D:5      | Reached XP level 8. HP: 53/62 MP: 8/8
  4476 | D:5      | Found an oddly glowing altar of Pakellas.
  4554 | D:5      | Got a faintly glowing plate armour
  4565 | D:5      | Identified the +3 plate armour of Cuse {rC+ Int+4} (You found it on level 5 of the Dungeon)
  4585 | D:5      | Reached skill level 6 in Shields
  5054 | D:6      | Found an iron altar of Okawaru.
  5382 | D:6      | Found a deep blue altar of Sif Muna.
  5428 | D:6      | Gained mutation: Your flesh is heat resistant. [mutagenic meat]
  5429 | D:6      | Gained mutation: Scrolls take you a little longer to read. [mutagenic meat]
  5430 | D:6      | Gained mutation: You are frail (-10% HP). [mutagenic meat]
  5432 | D:6      | Gained mutation: You passively map a small area around you. [mutagenic meat]
  5433 | D:6      | Gained mutation: You have a somewhat thin skeletal structure (Dex +2, Stealth). [mutagenic meat]
  5593 | D:7      | Noticed Oddball22's ghost (novice OpIE)
  5610 | D:6      | Reached XP level 9. HP: 18/62 MP: 9/9
  6171 | D:6      | Reached skill level 5 in Long Blades
  6388 | D:7      | Found a white marble altar of Elyvilon.
  6388 | D:7      | Found a stormy altar of Qazlal.
  6388 | D:7      | Found an opulent altar of Gozag.
  6464 | D:7      | Found a sparkling altar of Nemelex Xobeh.
  6821 | D:8      | Reached skill level 7 in Shields
  6988 | D:8      | Noticed Gastronok
  7017 | D:8      | Killed from afar by Gastronok

Vault maps used:
D:1:      dpeg_arrival_shrine, serial_bayou_pond_e
D:2:      lemuel_crystal_altar
D:3:      lemuel_round_altar, kiku_gazebo_pond_becter, first_bread,
          minmay_tree_intersection
D:4:      minmay_temple_entry_enclosed_plants, serial_curves, eino_curves_03,
          eino_curves_03, eino_curves_01, serial_bayou_pond_e
D:5:      grunt_pakellas_basics, uniq_blork_the_orc
D:6:      okawaru_gym_becter, tgw_sif
D:7:      gammafunk_temple_overflow_claw, nemelex_deck, basic_altar
D:8:      gammafunk_temple_overflow_pools, grunt_pizzeria, uniq_gastronok,
          uniq_erolcha
Temple:   jpeg_temple_alley_garden_8

Action                   |  1- 3 |  4- 6 |  7- 9 || total
-------------------------+-------+-------+-------++-------
Melee: Long sword        |   107 |   184 |   355 ||   646
Invok: Reject Sacrifices |       |       |     1 ||     1
 Abil: Dig               |       |       |     1 ||     1
  Use: Scroll            |       |       |    11 ||    11
  Eat: Chunk             |     1 |     7 |    13 ||    21
       Meat ration       |       |       |     1 ||     1
